 Dungeon Crawl Stone Soup version 0.23-a0-767-gdc19b93d68 (webtiles) character file.

51 Adamkad1 the Vexing (level 3, 35/35 HPs)
             Began as an Ogre Arcane Marksman on Jan 26, 2019.
             Quit the game on level 1 of the Dungeon.
             The game lasted 00:03:38 (2182 turns).

Adamkad1 the Vexing (Ogre Arcane Marksman)          Turns: 2182, Time: 00:03:39

Health: 35/35      AC:  3    Str: 14    XL:     3   Next: 83%
Magic:  5/5        EV: 10    Int: 14    God:
Gold:   112        SH:  0    Dex: 14    Spells: 2/5 levels left

rFire    . . .     SeeInvis .   (no weapon)
rCold    . . .     Gourm    .   (no shield)
rNeg     . . .     Faith    .   a - +0 robe
rPois    .         Spirit   .   (helmet restricted)
rElec    .         Reflect  .   (no cloak)
rCorr    .         Harm     .   (gloves unavailable)
MR       .....                  (boots unavailable)
Stlth    +.........             (no amulet)
HPRegen  0.11/turn              l - +4 ring of dexterity
MPRegen  0.09/turn              (no ring)

@: no status effects
A: large, unfitting armour, tough skin 1
a: no special abilities


You were on level 1 of the Dungeon.
You were hungry.

You visited 1 branch of the dungeon, and saw 2 of its levels.

You collected 112 gold pieces.

Inventory:

Armour
 a - a +0 robe (worn)
Jewellery
 l - a +4 ring of dexterity (left hand)
Scrolls
 e - a scroll of random uselessness {unknown}
 g - a scroll of identify {unknown}
 h - a scroll of magic mapping {unknown}
 i - a scroll of remove curse {unknown}
 k - a scroll of amnesia {unknown}
 m - a scroll of fog {unknown}
Potions
 j - a potion of flight {unknown}
 n - a potion of degeneration {unknown}
Comestibles
 f - 7 rations


   Skills:
 + Level 1.8 Fighting
 * Level 3.0 Throwing
 + Level 2.0 Dodging
 + Level 0.9 Unarmed Combat
 + Level 1.7 Spellcasting
 + Level 3.0 Hexes


You had 2 spell levels left.
You knew the following spells:

 Your Spells              Type           Power        Failure   Level  Hunger
a - Corona                Hex            #......      7%          1    ##.....
b - Slow                  Hex            #.......     11%         2    ###....

Your spell library contained the following spells:

 Spells                   Type           Power        Failure   Level  Hunger
 Inner Flame              Hex/Fire       #.......     36%         3    ####...
 Portal Projectile        Hex/Tloc       #.....       36%         3    ####...
 Cause Fear               Hex            #.........   56%         4    #####..
 Leda's Liquefaction      Hex/Erth       #.........   78%         4    #####..


Dungeon Overview and Level Annotations

Branches:
Dungeon (2/15)

Altars:


Innate Abilities, Weirdness & Mutations

You are too large for most types of armour.
You have tough skin. (AC +1)


Message History

You are feeling hungry.
You start resting.
HP restored.
Casting: Corona (safe; 7% risk of failure)
Confirm with . or Enter, or press ? or * to list all spells.
Okay, then.
Firing (i - inventory) No suitable missiles.
Press: ? - help, Shift-Dir - straight line, f - you
Okay, then.
Firing (i - inventory) No suitable missiles.
Press: ? - help, Shift-Dir - straight line, f - you
Okay, then.
Search for what [? for help]? rock Can't find anything matching that.
Unknown command.
Search for what [Enter for "rock", or ? for help]? stone Unknown command.
Unknown command.
You see here a +0 club.
Are you sure you want to abandon this character and quit the game? (Confirm with "yes".)

## #####.....##
#######...#.....#.
#.....#.8.#.....#.
#.###.#...#.....#.
#.# #.#####.....##
####
#.###.............
...#
#.##..............
##.#
#.##.........<....
#.#
#@##..............
#.#
#.................
#.#
####)######.....##
#.#
##....#...#)....#.
#.# ######
#.....#.8.#.....#.
#.# #....#
##....#...#.....#.
#.# #.##.#
#.########.....##
#.###.##.###
#.########......#
##..........#
#.#.## ##.......


There were no monsters in sight!

Vanquished Creatures
  A gnoll (D:2)
  2 worms (D:2)
  2 dart slugs
  3 leopard geckos
  A bat (D:1)
  6 goblins
  2 hobgoblins
  3 jackals (D:1)
  A quokka (D:2)
  4 frilled lizards (D:1)
  2 kobolds (D:1)
  2 rats
29 creatures vanquished.

Notes
Turn   | Place    | Note
-------+----------+-------------------------------------------
     0 | D:1      | Adamkad1 the Ogre Arcane Marksman began the quest for the
                  | Orb.
     0 | D:1      | Reached XP level 1. HP: 19/19 MP: 2/2
   422 | D:1      | Reached XP level 2. HP: 22/27 MP: 1/3
  1228 | D:2      | Reached XP level 3. HP: 28/33 MP: 3/5
  1271 | D:2      | Learned a level 2 spell: Slow
  1836 | D:2      | HP: 1/35 [gnoll/+0 whip (10)]
  2182 | D:1      | Quit the game

Vault maps used:
D:1:      minmay_arrival_glassed_features
D:2:      chequers_avenue, minmay_puff

Skill      XL: |  1  2  3 |
---------------+----------+-----
Dodging        | 2 |  2.0
Throwing       | 3 |  3.0
Hexes          | 3 |  3.0
Fighting       | |  1.8
Unarmed Combat | |  0.9
Spellcasting   | |  1.7

Action                   || total
-------------------------++-------
Melee: Unarmed           ||    61
Throw: Large rock        ||    43
       Throwing net      ||     5
 Cast: Corona            ||    23
  Eat: Chunk             ||     4
Armor: Robe              ||    18
Dodge: Dodged            ||    49

Table legend:
 A = Non-vault XP
 B = Vault XP
 C = Vault XP percentage of total XP
 D = Non-vault monster count
 E = Vault monster count
 F = Vault count percentage of total count
                 A         B        C        D         E       F
            +---------+---------+-------+---------+---------+-------
      Total |      74 |       0 |   0.0 |      29 |       0 |   0.0
            +---------+---------+-------+---------+---------+-------
        D:1 |      33 |       0 |   0.0 |      19 |       0 |   0.0
        D:2 |      41 |       0 |   0.0 |      10 |       0 |   0.0
            +---------+---------+-------+---------+---------+-------
